 Dungeon Crawl Stone Soup version 0.29-a0-22-gbf593b16ee (webtiles) character file.

Game seed: 4697205038916935322

7829 blank1 the Fighter (level 11, -5/105 HPs)
             Began as a Minotaur Fighter on Jan 29, 2022.
             Was an Elder of Okawaru.
             Shot with an arrow by a centaur (10 damage)
             ... on level 9 of the Dungeon on Jan 30, 2022.
             The game lasted 00:15:20 (10821 turns).

blank1 the Fighter (Minotaur Fighter)              Turns: 10821, Time: 00:15:21

Health: -5/105     AC: 11    Str: 23    XL:     11   Next: 1%
Magic:  13/13      EV: 11    Int:  5    God:    Okawaru [****..]
Gold:   681        SH:  5    Dex: 12    Spells: 10/10 levels left

rFire   . . .      SeeInvis .   p - +1 flail (holy)
rCold   . . .      Faith    .   c - +0 buckler
rNeg    . . .      Spirit   .   b - +0 scale mail
rPois   +          Reflect  .   (helmet restricted)
rElec   +          Harm     .   t - +2 cloak
rCorr   .          Rampage  .   (no gloves)
Will    .....                   (no boots)
Stlth   ..........              i - amulet of the Air {Inacc Air Fly rElec RMsl}
HPRegen 0.27/turn               u - ring of poison resistance
MPRegen 0.13/turn               (no ring)

@: brilliant, flying, repel missiles
A: horns 2, retaliatory headbutt
a: Renounce Religion, Heroism, Finesse


You were on level 9 of the Dungeon.
You worshipped Okawaru.
Okawaru was greatly pleased with you.
You visited 2 branches of the dungeon, and saw 10 of its levels.

You collected 681 gold pieces.

Inventory:

Hand Weapons
 a - a +0 vorpal flail
 p - a +1 flail of holy wrath (weapon)
Armour
 b - a +0 scale mail (worn)
 c - a +0 buckler (worn)
 t - a +2 cloak (worn)
Jewellery
 i - the amulet of the Air (around neck) {Inacc Air Fly rElec RMsl}
   (You found it on level 2 of the Dungeon)

   [amulet of nothing]

   It reduces the accuracy of all your attacks.
   It enhances your air magic.
   rElec:     It insulates you from electricity.
   Fly:       It grants you flight.
   RMsl:      It protects you from missiles.
 u - a ring of poison resistance (left hand)
Wands
 w - a wand of flame (11)
Scrolls
 o - a scroll of enchant armour
 s - a scroll of immolation
 v - 3 scrolls of identify
 x - a scroll of teleportation
Potions
 d - a potion of might
 e - 2 potions of curing
 f - a potion of degeneration {unknown}
 g - a potion of haste {unknown}
 h - 3 potions of flight
 j - a potion of brilliance
 l - 2 potions of ambrosia
 m - 2 potions of mutation
 n - a potion of heal wounds
 q - 2 potions of resistance {unknown}
 r - 3 potions of attraction


   Skills:
 + Level 12.6 Fighting
 + Level 12.6 Maces & Flails
 - Level 8.0 Armour
 - Level 5.0 Dodging
 - Level 4.0 Shields
 - Level 4.0 Invocations


You had 10 spell levels left.
You didn't know any spells.
Your spell library contained the following spells:

 Spells                   Type           Power      Damage    Failure   Level
 Magic Dart               Conj           0%         1d3       83%         1
 Mephitic Cloud           Conj/Pois/Air  0%         N/A       99%         3
 Stone Arrow              Conj/Erth      0%         3d7       99%         3
 Blade Hands              Tmut           0%         N/A       100%        5
 Iron Shot                Conj/Erth      0%         9d1       100%        6
 Lehudib's Crystal Spear  Conj/Erth      0%         10d2      100%        8
 Summon Small Mammal      Summ           Unusable   N/A       N/A         1
 Call Imp                 Summ           Unusable   N/A       N/A         2
 Call Canine Familiar     Summ           Unusable   N/A       N/A         3
 Summon Guardian Golem    Hex/Summ       Unusable   N/A       N/A         3
 Animate Armour           Summ/Erth      Unusable   N/A       N/A         4

Dungeon Overview and Level Annotations

Branches:
Dungeon (9/15)             Temple (1/1) D:5
   Lair: D:8-11         Orc: D:9-12

Altars:
Ashenzari
Cheibriados
Dithmenos
Elyvilon
Fedhas
Gozag
Hepliaklqana
Kikubaaqudgha
Makhleb
Nemelex Xobeh
Okawaru
Qazlal
Ru
Sif Muna
Trog
Uskayaw
Vehumet
Wu Jian
Xom
Yredelemnul
Zin

Shops:
D:2 (   D:4 (


Innate Abilities, Weirdness & Mutations

You have a pair of horns on your head.
You reflexively headbutt those who attack you in melee.


Message History

The acid dragon roars!
The howler monkey hits you but does no damage.
The centaur shoots an arrow.
The arrow is repelled.
The acid dragon spits acid at you. The splash of acid hits you!!
* * * LOW HITPOINT WARNING * * *
The acid corrodes you!
You feel clever all of a sudden. The howler monkey hits you.
* * * LOW HITPOINT WARNING * * *
The centaur shoots an arrow.
The arrow hits you!
* * * LOW HITPOINT WARNING * * *
The howler monkey misses you.
You fade into invisibility!
The howler monkey barely misses you.
The centaur shoots an arrow. x2
The arrow closely misses the howler monkey.
Things that are here:
a +0 dagger; 5 poisoned darts; a +0 leather armour The centaur shoots an arrow.
The arrow closely misses the howler monkey.
You see here a wyvern corpse.
The centaur shoots an arrow.
The centaur shoots an arrow.
The centaur shoots an arrow.
You see here 3 javelins.
You are no longer corroded.
The centaur shoots an arrow.
You block the arrow.
Things that are here:
a killer bee corpse; a killer bee corpse; a killer bee corpse The centaur shoots an arrow.
The arrow closely misses you.
The centaur shoots an arrow.
The arrow misses you.
You flicker for a moment.
The centaur shoots an arrow.
The arrow closely misses you.
The centaur shoots an arrow.
You flicker back into view.
The centaur shoots an arrow.
The arrow hits you!
* * * LOW HITPOINT WARNING * * *
The centaur shoots an arrow.
The arrow hits you!
You die...

.#####.#########.#####.# #.#
c#.........#...........# #.#
†#.#######.#....#....#.# #.#
.#..†...#..#..#..#.#.#.# #.#
.#.)#####..#..##...#.#.## #.#
.....# ...............# #.##
.#D..### [.#.....)......# #...
.#.c...#...#............# #...
.##...##..##....@.......# #...
.##..(#)..##............######...
.#####†#####...............<)<...
..........h.c..............))#...
#######.#####...........####.#...
.... ...########### #..... ######
#### ###... ####


You could see a centaur and a howler monkey.

Vanquished Creatures
  A centaur warrior (D:9)
  Pikel (D:8)
  2 manticores (D:9)
  Grinder (D:6)
  A slime creature (D:9)
  2 wyverns
  6 yaks
  Edmund (D:5)
  A water moccasin (D:9)
  A sky beast (D:6)
  2 hornet zombies
  An orc warrior (D:7)
  4 ice beasts
  2 necrophages
  2 ogres
  3 centaurs
  2 phantoms
  A lemure (D:8)
  4 kobold brigands
  A gnoll sergeant (D:6)
  5 bullfrogs
  A wyvern zombie (D:6)
  A water moccasin zombie (D:6)
  A scorpion (D:5)
  A wyvern skeleton (D:6)
  9 killer bees
  3 wights (D:6)
  2 howler monkeys (D:9)
  7 centaur zombies
  2 bullfrog zombies
  3 hounds
  4 orc priests
  A gnoll shaman (D:8)
  A centaur skeleton (D:5)
  4 bullfrog skeletons
  3 jellies
  Crazy Yiuf (D:6)
  Natasha (thrice) (D:2)
  2 orc wizards (D:9)
  A scorpion zombie (D:5)
  4 killer bee zombies
  3 howler monkey zombies
  13 gnolls
  4 adders
  A white imp (D:5)
  An ufetubus (D:7)
  An adder skeleton (D:2)
  2 worms
  A dart slug (D:3)
  12 orcs
  6 bats
  5 endoplasms
  4 giant cockroaches
  4 goblins
  5 hobgoblins
  3 jackals (D:5)
  4 quokkas
  2 frilled lizards (D:1)
  10 kobolds
  5 rats
184 creatures vanquished.

Vanquished Creatures (others)
  A fungus (D:2)
  15 plants
  A withered plant (D:6)
17 creatures vanquished.

Grand Total: 201 creatures vanquished

Notes
Turn   | Place    | Note
-------+----------+-------------------------------------------
     0 | D:1      | blank1 the Minotaur Fighter began the quest for the Orb.
     0 | D:1      | Reached XP level 1. HP: 19/19 MP: 0/0
     6 | D:1      | Noticed a hog
     6 | D:1      | Noticed a scorpion
     6 | D:1      | Noticed a water moccasin
     6 | D:1      | Noticed a swamp worm
     6 | D:1      | Noticed a snapping turtle
   328 | D:1      | Reached XP level 2. HP: 27/27 MP: 1/1
   712 | D:2      | Found a faded altar of an unknown god.
   823 | D:2      | Found a burning altar of Makhleb.
   824 | D:2      | Found the amulet of the Air {Inacc Air Fly rElec RMsl}
   940 | D:2      | Reached skill level 1 in Dodging
  1067 | D:2      | Reached XP level 3. HP: 32/33 MP: 2/2
  1096 | D:2      | Reached XP level 4. HP: 41/41 MP: 3/3
  1231 | D:2      | Found Ceomirghu's Antique Weapon Shop.
  1458 | D:2      | Noticed Natasha
  1465 | D:2      | Killed Natasha
  1769 | D:2      | Noticed Natasha
  1775 | D:2      | Killed Natasha
  1859 | D:3      | Found a stormy altar of Qazlal.
  2006 | D:2      | Noticed Natasha
  2012 | D:2      | Killed Natasha
  2013 | D:2      | Reached skill level 5 in Fighting
  2013 | D:2      | Reached XP level 5. HP: 48/48 MP: 4/4
  2394 | D:3      | Reached skill level 5 in Maces & Flails
  2881 | D:4      | Noticed a necrophage
  2894 | D:3      | Killed a necrophage
  2895 | D:3      | Reached XP level 6. HP: 47/56 MP: 5/5
  3175 | D:4      | Found Esorrofiem's Firing Range.
  3754 | D:5      | Entered Level 5 of the Dungeon
  3837 | D:5      | Reached XP level 7. HP: 60/64 MP: 6/6
  4124 | D:5      | Noticed Edmund
  4139 | D:5      | Killed Edmund
  4470 | D:5      | Found a staircase to the Ecumenical Temple.
  4481 | Temple   | Entered the Ecumenical Temple
  4915 | D:6      | Reached XP level 8. HP: 60/74 MP: 7/7
  5373 | D:6      | Reached skill level 5 in Armour
  6015 | D:6      | Found a runed translucent door.
  6018 | D:6      | Noticed Crazy Yiuf
  6022 | D:6      | Killed Crazy Yiuf
  6073 | D:6      | Noticed Grinder
  6410 | D:6      | Paralysed by Grinder for 4 turns
  6421 | D:6      | Killed Grinder
  6422 | D:6      | Reached XP level 9. HP: 57/83 MP: 8/8
  6872 | D:6      | Found an iron altar of Okawaru.
  6880 | D:6      | Became a worshipper of Warmaster Okawaru
  7036 | D:6      | Reached skill level 1 in Invocations
  7326 | D:7      | Reached skill level 10 in Fighting
  7326 | D:7      | Reached skill level 10 in Maces & Flails
  7495 | D:7      | Reached * piety under Okawaru
  7620 | D:7      | Found an opulent altar of Gozag.
  8441 | D:8      | Noticed Pikel
  8461 | D:8      | Killed Pikel
  8716 | D:8      | Reached XP level 10. HP: 88/95 MP: 12/12
  8775 | D:8      | Found an ornate altar of the Wu Jian Council.
  8890 | D:8      | Found a bloodstained altar of Trog.
  8941 | D:8      | Reached ** piety under Okawaru
 10197 | D:9      | Noticed a centaur warrior
 10218 | D:9      | Killed a centaur warrior
 10218 | D:9      | Reached *** piety under Okawaru
 10219 | D:9      | Reached skill level 5 in Dodging
 10399 | D:9      | Noticed a manticore
 10414 | D:9      | Killed a manticore
 10726 | D:9      | Noticed a manticore
 10747 | D:9      | Killed a manticore
 10747 | D:9      | Reached **** piety under Okawaru
 10747 | D:9      | Received a gift from Okawaru
 10752 | D:9      | Reached XP level 11. HP: 35/105 MP: 13/13
 10821 | D:9      | HP: 5/105 [centaur/arrow (10)]
 10821 | D:9      | Shot with an arrow by a centaur

Illustrated notes

Levels and vault maps discovered:
D:1:      onia_arrival_zoo_common, layout_rooms, serial_glass, glass_columns_a,
          glass_columns_b, due_unseen_surprise, item_on_display_a,
          feat_on_display, wander_ebering_terrifying_dragon_lair
D:2:      layout_loops_corners, serial_shops, nicolae_shop_hallway_plus,
          basic_altar, shapermc_ecumenical_altar_mp_ritualfount,
          nicolae_grassy_gnolls, uniq_natasha
D:3:      layout_loops_ring, nicolae_qazlal_eye_of_the_storm
D:4:      layout_basic, nicolae_shop_firing_range
D:5:      layout_rooms, minmay_temple_entry_overgrown, minmay_strange_pillars,
          grunt_ministairs_3, uniq_edmund
D:6:      layout_cave_pools, okawaru_altar_gauntlet_db, serial_undead,
          serial_undead_d, serial_undead_f, serial_undead_c, serial_undead_d,
          uniq_grinder, uniq_crazy_yiuf_cottage
D:7:      layout_loops_ring, grunt_gozag_breadcrumbs
D:8:      layout_rooms, mainiacjoe_overflow_catwalk_spiral, uniq_pikel
D:9:      minmay_the_grid_net [minmay_the_grid_dragon_b,
          minmay_the_grid_outer_circle, minmay_the_grid_garden,
          minmay_the_grid_zigzag_pyramid, minmay_the_grid_fan,
          minmay_the_grid_prize_inner_circle], layout_rooms, tso_oasis_becter
Temple:   lightli_temple_of_artemis

Skill      XL: |  1  2  3  4  5  6  7  8  9 10 |
---------------+-------------------------------+-----
Dodging        | 1 2 4 5 |  5.0
Shields        | 4 |  4.0
Fighting       | 4 5 6 8 9 11 12 | 12.6
Armour         | 4 6 8 |  8.0
Maces & Flails | 3 4 5 6 8 9 11 12 | 12.6
Invocations    | 4 |  4.0

Action                   |  1- 3 |  4- 6 |  7- 9 | 10-12 || total
-------------------------+-------+-------+-------+-------++-------
Melee: Flail             |    63 |    95 |   376 |   226 ||   760
       Headbutt          |     7 |    10 |    41 |    40 ||    98
Invok: Heroism           |       |       |       |     1 ||     1
  Use: Scroll            |       |    10 |     5 |       ||    15
       Potion            |       |       |       |     3 ||     3
Armor: Scale mail        |    25 |    31 |   186 |    85 ||   327
Dodge: Dodged            |    23 |    46 |   204 |   112 ||   385
       Repelled          |       |       |       |     3 ||     3
Block: Buckler           |    19 |    15 |    86 |    58 ||   178

Table legend: (Time is in decaauts)
 A = Elapsed time spent in this place.
 B = Non-inter-level travel time spent in this place.
 C = Inter-level travel time spent in this place.
 D = Time resting spent in this place.
 E = Time spent auto-exploring this place.
 F = Levels seen in this place.
 G = Mean time per level.
                   A        B        C        D        E       F      G
               +--------+--------+--------+--------+--------+-----+--------+
         Total |  10829 |  10417 |    412 |   1586 |   7300 |  10 | 1082.9 |
       Dungeon |  10717 |  10312 |    405 |   1586 |   7223 |   9 | 1190.8 |
        Temple |    112 |    105 |      7 |      0 |     77 |   1 |  112.0 |
               +--------+--------+--------+--------+--------+-----+--------+

Top non-repeatable levels by time:
     D:6: 1740 daAuts
     D:5: 1681 daAuts
     D:7: 1328 daAuts
     D:2: 1301 daAuts
     D:9: 1090 daAuts
     D:8: 1081 daAuts
     D:3: 1041 daAuts
     D:4: 820 daAuts
     D:1: 632 daAuts
  Temple: 112 daAuts
